Map: Rhoskallian LE

Players

Nightmare - Winner!

  • Race: Protoss Protoss
  • Spawn Location: 11:00

XxDepravity - Winner!

  • Race: Zerg Zerg
  • Spawn Location: 12:00

Ultrarisk

  • Race: Zerg Zerg
  • League: Gold
  • Spawn Location: 5:00

SnakeDoc

  • Race: Terran Terran
  • Spawn Location: 6:00

VOD

Have the link to the VOD?

Description

Did my best job doing a zerg build as protoss.

Time

  • Played on: Jan. 5, 2020, 5:09 p.m.
  • Length: 21:03
Show
View Real Time Build Order
Export as new Build Order

Nightmare Protoss - Winner!

Build Orders: Zealot Archon 

Get SALT Encoding   

  12  0:02  Probe  
  13  0:15  Probe  
  13  0:20  Pylon  
  14  0:27  Probe  
  15  0:39  Gateway  
  15  0:41  Probe (Chrono Boost)  
  16  0:53  Probe (Chrono Boost), Assimilator  
  17  1:00  Probe (Chrono Boost)  
  17  1:03  Assimilator  
  18  1:07  Pylon  
  18  1:10  Probe  
  19  1:22  Probe  
  20  1:27  Cybernetics Core  
  20  1:35  Probe (Chrono Boost)  
  22  1:47  Probe (Chrono Boost)  
  22  1:53  Probe (Chrono Boost)  
  23  2:04  Nexus, Warp Gate (Chrono Boost)  
  23  2:14  Stalker  
  25  2:23  Shield Battery  
  25  2:33  Gateway  
  25  2:42  Pylon  
  25  2:56  Forge  
  25  3:00  Gateway  
  25  3:15  Pylon  
  25  3:19  Gateway  
  25  3:29  Twilight Council  
  25  3:34  Probe  
  25  3:35  Probe  
  27  3:46  Protoss Ground Weapons Level 1 (Chrono Boost)  
  29  3:55  Probe (Chrono Boost)  
  29  4:01  Probe (Chrono Boost)  
  29  4:05  Probe (Chrono Boost)  
  29  4:09  Probe (Chrono Boost)  
  31  4:10  Probe (Chrono Boost)  
  31  4:13  Templar Archives  
  32  4:19  Probe  
  32  4:21  Zealot  
  32  4:23  Zealot  
  35  4:27  Charge (Chrono Boost)  
  35  4:36  Probe x2  
  37  4:48  Probe x2  
  37  4:51  High Templar x2  
  43  4:55  Archon  
  43  5:00  Probe x2, Forge  
  43  5:03  Stalker  
  43  5:04  Zealot  
  49  5:12  Probe, Assimilator  
  49  5:13  Probe  
  51  5:16  Assimilator  
  51  5:24  Probe  
  52  5:29  Protoss Shields Level 1 (Chrono Boost)  
  52  5:42  Robotics Facility  
  52  5:44  Probe  
  52  5:46  Probe  
  54  5:53  Pylon  
  54  5:55  Zealot x2  
  54  5:56  Probe, Zealot, Pylon  
  61  5:58  Probe  
  61  6:02  Pylon  
  62  6:11  Probe, Protoss Ground Weapons Level 2 (Chrono Boost)  
  62  6:16  Zealot x2  
  62  6:17  Zealot x2  
  71  6:30  Observer (Chrono Boost)  
  72  6:37  High Templar x2  
  72  6:39  Zealot x2  
  80  6:41  Archon  
  80  6:43  Warp Prism (Chrono Boost)  
  82  7:04  Nexus  
  82  7:07  Pylon  
  82  7:13  Protoss Ground Armor Level 1 (Chrono Boost)  
  82  7:38  Gateway  
  82  7:39  Gateway, High Templar x2  
  82  7:40  High Templar x2  
  82  7:41  Gateway  
  82  7:43  Archon  
  82  7:44  Gateway, Archon  
  90  7:52  Pylon  
  90  7:54  Pylon  
  90  7:55  Pylon  
  90  8:05  Pylon  
  90  8:11  Zealot  
  90  8:12  Zealot x3  
  98  8:20  Probe x3  
  101  8:32  Probe x3, Protoss Shields Level 2 (Chrono Boost)  
  104  8:35  High Templar x2  
  104  8:37  Zealot x2  
  104  8:39  Archon  
  112  8:44  Probe x3  
  112  8:45  Assimilator  
  112  8:47  Zealot  
  112  8:48  Assimilator  
  117  8:56  Probe x2  
  117  8:57  Probe  
  117  8:59  Protoss Ground Weapons Level 3 (Chrono Boost)  
  120  9:08  Photon Cannon  
  120  9:11  Photon Cannon  
  120  9:17  Photon Cannon  
  120  9:18  Zealot x3  
  120  9:21  Photon Cannon  
  126  9:27  Probe x2  
  126  9:28  Probe  
  126  9:30  High Templar  
  126  9:31  High Templar  
  133  9:34  Archon  
  133  9:39  Probe  
  133  9:40  Probe x2  
  136  9:49  Zealot x2  
  140  9:55  Pylon  
  140  10:02  Pylon  
  140  10:05  Pylon  
  140  10:11  Pylon x2  
  140  10:13  High Templar x2  
  140  10:14  High Templar x2, Pylon  
  144  10:17  Archon  
  144  10:18  Archon  
  148  10:23  Pylon x2  
  148  10:25  High Templar  
  148  10:26  Zealot x2, High Templar  
  156  10:29  Archon  
  156  10:36  Protoss Ground Armor Level 2 (Chrono Boost)  
  156  10:42  Gateway  
  156  10:43  Gateway  
  156  10:45  Gateway  
  156  10:46  Zealot x4  
  156  10:47  Zealot x2  
  156  11:18  High Templar x4  
  160  11:19  High Templar x2  
  160  11:20  Zealot  
  160  11:23  Zealot  
  160  11:24  Archon  
  160  11:25  Archon x2  
  172  11:31  Protoss Shields Level 3 (Chrono Boost)  
  172  11:52  Zealot  
  172  11:53  Zealot x3  
  172  11:54  Zealot x5  
  184  11:55  Zealot x2  
  194  12:02  Gateway  
  194  12:03  Gateway  
  194  12:05  Gateway  
  194  12:07  Gateway  
  182  12:33  Zealot  
  182  12:34  Zealot x7  
  182  12:35  Zealot  
  160  12:52  High Templar x2  
  160  12:54  Zealot x4  
  160  12:55  Zealot x5  
  174  13:21  Archon  
  174  13:23  High Templar x2  
  174  13:24  High Templar x3  
  174  13:25  High Templar x3  
  174  13:26  High Templar x2  
  190  13:27  Zealot  
  190  13:28  Archon x3  
  190  13:29  Archon  
  190  13:30  Archon  
  192  13:55  Zealot  
  194  13:56  Zealot x3  
  194  14:01  Nexus  
  194  14:36  Zealot x4  
  194  14:37  Zealot x6  
  194  14:38  Zealot  
  130  15:34  Zealot x5  
  130  15:35  Zealot x6  
  78  16:06  High Templar x2  
  78  16:07  High Templar x3  
  78  16:08  High Templar x3  
  78  16:09  High Templar x2  
  78  16:10  Zealot  
  100  16:22  Archon x5  
  100  16:35  Protoss Ground Armor Level 3  
  100  16:39  Zealot x5  
  110  16:40  Zealot x4  
  110  16:41  Zealot x2  
  122  16:50  Assimilator  
  122  16:55  Assimilator  
  116  17:06  Zealot x3  
  116  17:07  Zealot x8  
  108  17:33  Observer  
  108  17:37  Zealot x3  
  96  17:38  Zealot x2  
  96  17:39  Zealot x2  
  96  17:40  Zealot x3  
  96  17:41  Zealot  
  114  18:03  High Templar x3  
  114  18:04  High Templar x4  
  114  18:05  High Templar x3  
  132  18:06  Zealot  
  132  18:08  Archon x2  
  132  18:09  Archon x3  
  136  18:27  Zealot  
  138  18:31  Zealot x3  
  144  18:36  Zealot x3  
  144  18:37  Zealot x2  
  144  18:38  Zealot x2  
  158  18:49  Zealot x3  
  158  18:50  Zealot  
  166  19:13  Zealot  
  166  19:14  Zealot x6  
  166  19:15  Zealot x4  
  186  19:39  Zealot  
  186  19:40  Zealot x3  
  186  19:41  Zealot x3  
  181  20:01  Zealot x5  
  181  20:02  Zealot x3  
  191  20:43  Observer (Chrono Boost)  
Show
View Real Time Build Order
Export as new Build Order

XxDepravity Zerg - Winner!

Build Orders: Hatch First 

Get SALT Encoding   

  12  0:03  Drone  
  13  0:14  Overlord  
  13  0:18  Drone  
  14  0:32  Drone x2  
  16  0:36  Drone  
  17  0:58  Drone, Hatchery  
  17  1:00  Drone  
  18  1:12  Extractor  
  18  1:17  Spawning Pool  
  16  1:24  Drone  
  16  1:25  Drone  
  18  1:33  Drone  
  19  1:43  Overlord  
  19  2:06  Queen  
  19  2:07  Zergling x4  
  23  2:12  Spine Crawler  
  22  2:16  Zergling x2  
  22  2:20  Zergling x2  
  24  2:37  Drone x4  
  28  2:44  Drone  
  28  2:45  Drone  
  28  2:46  Metabolic Boost  
  30  2:51  Queen  
  32  3:03  Drone x2, Baneling Nest  
  31  3:40  Drone  
  31  3:41  Drone x6  
  36  3:52  Roach Warren  
  36  3:54  Zergling x2  
  36  3:56  Overlord x2  
  36  4:03  Hatchery  
  36  4:07  Spine Crawler  
  34  4:13  Zergling x2  
  34  4:14  Zergling x10  
  40  4:22  Lair  
  40  4:29  Baneling x2  
  40  4:48  Roach x2  
  40  4:49  Roach x4  
  40  4:50  Overlord x2  
  52  4:58  Spore Crawler  
  51  5:02  Drone  
  52  5:14  Drone x3, Overlord  
  52  5:15  Drone x2  
  61  5:21  Roach x3  
  62  5:40  Hydralisk Den, Extractor  
  60  5:43  Drone  
  60  5:44  Drone x8, Extractor  
  68  5:50  Extractor  
  67  6:00  Spine Crawler  
  67  6:04  Drone x3  
  67  6:05  Drone  
  67  6:06  Drone x3  
  73  6:23  Overlord  
  73  6:24  Overlord  
  73  6:32  Overlord  
  73  6:33  Overlord x3  
  73  6:41  Queen  
  75  6:50  Hydralisk, Overlord x2  
  75  6:51  Hydralisk x4  
  75  6:53  Drone  
  86  7:14  Hydralisk  
  86  7:15  Hydralisk  
  86  7:26  Hydralisk  
  86  7:27  Hydralisk  
  86  7:28  Drone x3  
  93  7:30  Drone x2  
  93  7:32  Drone x2  
  93  7:35  Drone x2  
  99  7:43  Overseer  
  99  7:47  Drone x3  
  102  8:06  Hatchery  
  92  8:16  Roach  
  92  8:17  Roach x8  
  92  8:27  Drone  
  92  8:28  Drone x3  
  92  8:30  Queen x2  
  92  8:31  Queen  
  92  8:33  Drone x4  
  106  8:49  Drone x4, Spine Crawler  
  106  8:52  Hydralisk  
  111  9:00  Grooved Spines  
  111  9:04  Evolution Chamber  
  111  9:06  Evolution Chamber  
  109  9:14  Spire  
  109  9:16  Infestation Pit  
  107  9:23  Hydralisk  
  107  9:24  Hydralisk x6  
  107  9:28  Drone  
  122  9:52  Spine Crawler  
  122  9:56  Hydralisk x7  
  129  10:11  Muscular Augments  
  125  10:17  Hydralisk  
  125  10:18  Hydralisk x3  
  125  10:19  Overlord  
  125  10:20  Overlord  
  129  10:47  Ravager x2  
  129  10:48  Ravager x2  
  87  11:02  Hydralisk x3  
  87  11:03  Roach x3  
  83  11:10  Zergling x14  
  83  11:11  Zergling x2  
  86  11:16  Zerg Missile Weapons Level 1  
  86  11:18  Drone x2  
  88  11:27  Overseer  
  88  11:33  Hive  
  80  11:45  Baneling x6  
  80  11:47  Zergling x2  
  80  11:48  Zergling x30  
  96  12:06  Corruptor x2  
  100  12:21  Hatchery  
  99  12:30  Hatchery  
  62  12:45  Hydralisk  
  62  12:46  Hydralisk x8  
  80  13:10  Greater Spire  
  80  13:28  Drone x9  
  80  13:29  Drone x5  
  94  13:41  Corruptor  
  94  13:42  Corruptor x2  
  100  13:56  Queen  
  100  13:57  Queen  
  100  14:01  Extractor x2  
  100  14:02  Queen  
  104  14:03  Queen  
  107  14:17  Zergling x20  
  107  14:18  Zergling x12  
  107  14:22  Brood Lord  
  107  14:23  Brood Lord x3  
  130  14:43  Brood Lord  
  122  14:54  Corruptor x2  
  123  15:09  Extractor  
  123  15:10  Extractor  
  123  15:11  Corruptor  
  123  15:12  Corruptor  
  125  15:20  Drone x3  
  128  15:21  Drone x3  
  128  15:27  Drone  
  128  15:28  Drone x3  
  135  15:36  Corruptor  
  135  15:37  Corruptor x3  
  143  15:49  Corruptor  
  143  15:50  Corruptor  
  147  15:57  Corruptor  
  147  15:58  Corruptor  
  130  16:45  Corruptor x6  
  132  16:56  Corruptor x2, Overlord  
  120  17:25  Brood Lord  
  120  17:27  Drone x2  
  122  17:33  Brood Lord x3  
  122  17:35  Overlord x3  
  122  17:36  Overlord x7  
  126  17:46  Brood Lord  
  128  18:01  Brood Lord x3  
  134  18:07  Hatchery  
  133  18:30  Corruptor  
  133  18:31  Zergling x22  
  140  18:59  Zergling x6  
  140  19:00  Zergling x10  
  103  19:34  Queen  
  105  19:53  Brood Lord x3  
  105  19:54  Brood Lord x2  
  117  20:02  Hatchery, Corruptor x5, Extractor  
  117  20:03  Corruptor x5  
  117  20:04  Extractor  
  127  20:24  Zergling x2  
  127  20:25  Zergling x38  
  127  20:26  Zergling x18  
Show
View Real Time Build Order
Export as new Build Order

Ultrarisk Zerg 

Build Orders: Hatch First, Brood Lord Corruptor, Muta Ling Bane 

Get SALT Encoding   

  12  0:01  Drone  
  13  0:13  Overlord  
  13  0:19  Drone  
  14  0:33  Drone x2  
  16  0:59  Hatchery  
  15  1:12  Extractor, Spawning Pool  
  15  1:14  Drone  
  14  1:19  Drone  
  14  1:23  Drone  
  16  1:51  Drone x3  
  19  2:04  Spine Crawler  
  19  2:05  Queen  
  20  2:12  Queen  
  22  2:20  Metabolic Boost  
  22  2:27  Drone x2  
  24  2:37  Overlord  
  24  2:39  Zergling x6  
  24  2:40  Zergling x2  
  28  2:54  Queen  
  30  3:02  Drone  
  30  3:03  Drone  
  32  3:19  Drone x4  
  36  3:22  Overlord  
  36  3:31  Overlord  
  36  3:43  Overlord  
  36  3:55  Lair  
  36  3:56  Drone x3  
  36  4:00  Hatchery  
  38  4:04  Drone x3  
  38  4:08  Spore Crawler  
  40  4:12  Spore Crawler  
  38  4:21  Drone  
  38  4:22  Drone x5  
  44  4:30  Baneling Nest  
  43  4:39  Drone x3  
  43  4:40  Evolution Chamber, Drone  
  43  4:44  Drone  
  47  4:48  Zergling x6  
  50  4:53  Drone  
  50  4:58  Overlord  
  51  5:01  Overlord  
  51  5:06  Zerg Melee Weapons Level 1  
  51  5:10  Extractor  
  51  5:14  Queen  
  50  5:17  Drone x5  
  57  5:23  Roach Warren  
  57  5:24  Drone x2  
  58  5:30  Extractor  
  58  5:33  Zergling x10  
  61  5:36  Baneling x2  
  61  5:40  Overlord  
  61  5:41  Overlord  
  59  6:11  Roach  
  59  6:12  Roach x7  
  59  6:14  Zergling x14  
  82  6:26  Drone x2  
  82  6:27  Drone  
  85  6:38  Baneling x2  
  85  6:39  Baneling x2  
  85  6:42  Centrifical Hooks  
  85  6:44  Drone x4  
  85  6:45  Drone  
  90  6:51  Overlord x3  
  90  6:53  Evolution Chamber  
  89  7:01  Drone  
  89  7:03  Zerg Ground Armor Level 1, Overlord  
  88  7:25  Drone  
  88  7:26  Drone x15  
  104  7:32  Spire, Drone x2  
  104  7:33  Drone  
  104  7:36  Drone  
  107  7:37  Extractor  
  107  7:39  Extractor x2  
  104  7:45  Drone  
  105  7:52  Baneling  
  105  7:53  Baneling x4  
  105  7:58  Overlord x2  
  105  7:59  Drone x5  
  105  8:00  Drone  
  105  8:03  Drone x2  
  103  8:20  Roach  
  103  8:21  Roach x7, Hydralisk Den  
  103  8:22  Drone  
  117  8:27  Hatchery  
  117  8:29  Drone x2  
  118  8:46  Drone  
  118  8:48  Overlord x2  
  119  8:49  Zergling x2  
  119  8:50  Zergling x12  
  126  8:56  Overlord  
  126  9:01  Glial Reconstitution, Zerg Missile Weapons Level 1  
  126  9:05  Mutalisk x5  
  126  9:06  Hatchery  
  135  9:26  Roach x2, Infestation Pit  
  135  9:27  Roach x8  
  154  9:36  Roach x4  
  154  9:37  Roach  
  154  9:38  Roach, Overlord x2  
  161  9:39  Overlord  
  159  10:00  Roach  
  159  10:01  Roach x14  
  179  10:18  Extractor  
  179  10:19  Drone x3  
  179  10:20  Drone x2  
  179  10:21  Drone  
  184  10:22  Extractor  
  184  10:26  Zerg Ground Armor Level 2  
  184  10:28  Roach x5  
  191  10:29  Mutalisk  
  191  10:33  Hatchery  
  191  10:34  Hatchery  
  193  10:35  Hive  
  193  10:37  Drone x4  
  192  11:22  Overlord x3  
  192  11:47  Zerg Missile Weapons Level 2  
  192  12:02  Spine Crawler  
  192  12:03  Greater Spire  
  192  12:07  Corruptor x4  
  179  12:37  Corruptor  
  179  12:38  Corruptor x12  
  179  12:42  Roach x2  
  199  12:47  Roach x4  
  199  12:48  Roach x5  
  199  12:49  Roach  
  177  12:56  Roach x5  
  177  12:57  Roach x14  
  153  13:20  Brood Lord x3  
  153  13:23  Zergling x22  
  153  13:24  Zergling x12  
  169  13:28  Brood Lord  
  169  13:29  Brood Lord x2  
  169  13:31  Hatchery  
  169  13:33  Overlord x2  
  173  13:42  Brood Lord  
  173  13:43  Brood Lord  
  166  13:59  Overlord x3  
  130  14:37  Brood Lord, Hatchery  
  130  14:38  Brood Lord x7  
  140  14:47  Roach x6  
  140  14:48  Roach x3  
  134  15:05  Roach x3  
  134  15:06  Roach x5  
  108  15:19  Roach  
  108  15:20  Roach x7  
  124  15:32  Roach x3  
  124  15:33  Roach x3  
  134  15:38  Drone  
  134  15:42  Corruptor  
  137  16:03  Corruptor  
  137  16:04  Corruptor  
  137  16:12  Drone x2  
  137  16:16  Drone  
  102  17:05  Corruptor x3  
  84  17:15  Ravager  
  73  17:16  Ravager x3  
  41  17:37  Drone x3  
  43  17:58  Lurker Den  
  42  18:08  Drone x2  
  42  18:43  Corruptor  
  42  18:44  Corruptor x3  
  46  18:58  Corruptor  
  50  19:12  Hydralisk  
  50  19:13  Hydralisk x2  
  43  19:46  Lurker x3  
  41  20:20  Hydralisk x2  
Show
View Real Time Build Order
Export as new Build Order

SnakeDoc Terran 

Build Orders:  

Get SALT Encoding   

  12  0:02  SCV  
  13  0:15  SCV  
  14  0:28  Supply Depot  
  14  0:29  SCV  
  15  0:45  Refinery  
  15  0:49  SCV  
  16  0:51  Barracks  
  16  1:01  Barracks  
  16  1:05  SCV  
  17  1:17  SCV  
  18  1:29  SCV  
  19  1:38  Marine  
  20  1:40  Barracks  
  20  1:42  Supply Depot  
  20  1:51  Marine  
  21  1:54  Bunker  
  21  1:56  SCV  
  21  1:58  Marine  
  23  2:10  Marine  
  23  2:13  Orbital Command  
  24  2:20  Marine  
  25  2:29  Barracks Tech Lab  
  25  2:30  Barracks Reactor  
  25  2:37  Supply Depot  
  25  2:41  Marine  
  26  2:45  SCV  
  26  2:48  Marauder  
  29  3:12  Command Center  
  29  3:17  Marine x3  
  32  3:35  Marine x2  
  32  3:36  Marine x2  
  36  3:45  SCV  
  37  3:49  Refinery  
  37  3:52  Factory  
  37  3:54  Marauder  
  39  3:56  Engineering Bay  
  39  4:12  Supply Depot  
  39  4:34  Marauder, Marine x3, Supply Depot, SCV  
  39  4:37  Factory Tech Lab  
  45  4:45  Orbital Command  
  45  4:57  Marauder, Marine x2  
  49  5:00  Sensor Tower  
  49  5:01  SCV  
  49  5:02  Marine  
  51  5:09  Terran Infantry Weapons Level 1  
  51  5:13  SCV  
  52  5:15  SCV  
  53  5:27  Starport, SCV x2  
  55  5:35  Marine x2  
  55  5:36  Marauder  
  55  5:39  Marine  
  55  5:40  SCV  
  55  5:42  SCV  
  62  5:49  Siege Tank  
  65  5:56  SCV  
  65  5:57  Supply Depot, SCV  
  66  5:58  Marine  
  68  6:06  Viking  
  70  6:16  Supply Depot  
  72  6:18  SCV x2  
  72  6:19  Marine x2  
  74  6:26  Marine  
  74  6:27  Marauder  
  77  6:35  Supply Depot, SCV  
  77  6:38  Siege Tank  
  77  6:39  Marine  
  81  6:40  Marine, Supply Depot  
  81  6:42  Medivac  
  81  6:43  SCV  
  86  7:01  Marine  
  86  7:02  Marine  
  88  7:21  Marine x2  
  88  7:22  Marauder  
  92  7:23  Command Center, Siege Tank  
  92  7:25  Medivac  
  92  7:26  SCV x2  
  92  7:29  Refinery  
  99  7:30  Refinery  
  99  7:35  Terran Infantry Armor Level 1  
  99  7:39  Armory  
  99  7:40  Supply Depot  
  99  7:45  Marine x2  
  99  7:48  Stimpack  
  99  7:51  Marine  
  102  8:01  SCV  
  102  8:02  Marauder, Supply Depot  
  105  8:07  Marine  
  105  8:08  Marine  
  105  8:10  Medivac  
  105  8:12  SCV  
  110  8:18  Engineering Bay  
  110  8:24  SCV  
  110  8:25  Supply Depot  
  111  8:30  SCV  
  112  8:41  SCV x2  
  114  8:45  Thor, Supply Depot, SCV  
  121  8:51  Terran Infantry Weapons Level 2  
  121  8:57  SCV  
  121  8:58  Orbital Command  
  121  9:00  SCV  
  123  9:04  Command Center  
  123  9:10  SCV  
  123  9:11  Marine x2  
  123  9:12  Marauder, Marine  
  123  9:13  Viking  
  123  9:15  SCV  
  132  9:18  Supply Depot  
  132  9:19  Terran Vehicle Weapons Level 1  
  132  9:36  Marine x2  
  132  9:37  Marauder, Marine  
  137  9:39  Supply Depot  
  137  9:45  Barracks  
  137  9:48  Barracks  
  137  9:49  Terran Infantry Armor Level 2  
  137  9:50  Starport  
  137  9:53  SCV x2  
  137  9:54  SCV  
  137  9:58  Marine  
  141  10:02  Supply Depot  
  141  10:08  Siege Tank  
  144  10:15  Marine x2  
  144  10:16  Marauder  
  148  10:24  Medivac  
  150  10:28  Supply Depot  
  150  10:37  Refinery  
  150  10:38  SCV x3  
  150  10:39  Refinery  
  152  10:55  Marine x5  
  152  10:56  Marauder, Thor  
  146  10:58  Medivac x2  
  85  11:13  Terran Vehicle And Ship Armor Level 1  
  85  11:14  Marine x4  
  85  11:15  Marine  
  85  11:17  Marauder  
  90  11:19  Orbital Command  
  90  11:20  SCV x3  
  93  11:30  Factory  
  93  11:32  Factory, Supply Depot, SCV  
  94  11:33  Supply Depot  
  94  11:34  Terran Infantry Weapons Level 3  
  94  11:35  Marine  
  94  11:37  Marine  
  94  11:38  Marine  
  94  12:01  Thor  
  94  12:03  Viking  
  94  12:04  Viking, Marine x2  
  106  12:10  Marine x2  
  106  12:11  Marine x2  
  110  12:17  Refinery, SCV x2  
  110  12:18  SCV  
  110  12:22  Factory Tech Lab x2  
  113  12:23  Marine  
  114  12:38  Marine x4  
  114  12:39  Marauder  
  114  12:44  Thor x2  
  96  12:48  Marine  
  87  12:51  Viking  
  87  12:56  Marine  
  89  13:00  Marine x4  
  89  13:02  Thor  
  98  13:06  Marine  
  96  13:24  Marine x3  
  96  13:25  Marauder, Marine x2  
  91  13:43  Marine x3  
  91  13:44  Marine x2  
  96  13:53  Marauder  
  96  13:54  Thor  
  104  13:58  Refinery  
  104  14:00  SCV  
  104  14:01  SCV x3  
  108  14:03  Medivac x2  
  108  14:04  Marine x4  
  108  14:05  Marine  
  117  14:12  Thor  
  117  14:13  Marine  
  124  14:21  Marine  
  123  14:34  Marine x2  
  123  14:35  Marauder, Marine x2  
  104  14:39  Marine  
  104  14:40  Command Center  
  104  14:45  Thor x2  
  94  14:53  Marine x4  
  94  14:55  Thor  
  94  14:56  Marauder  
  97  15:17  Marine  
  97  15:18  Marine x4  
  97  15:19  Marauder  
  102  15:31  SCV x3  
  102  15:35  Thor  
  108  15:36  Marine x2  
  110  15:47  Marine x3  
  110  15:48  Marauder  
  115  15:50  Thor  
  115  15:56  Thor  
  127  15:58  Marine x2  
  129  16:05  Marine  
  129  16:08  Marine x2  
  129  16:09  Marauder  
  134  16:14  Planetary Fortress  
  134  16:15  SCV x2  
  134  16:16  Marine, SCV  
  138  16:27  Marine x4  
  140  16:39  Viking x2  
  143  16:40  Marine  
  138  16:51  Marine  
  138  16:52  Marine x4  
  139  16:56  Thor  
  139  16:58  Marine  
  139  17:00  SCV x4  
  149  17:07  Refinery  
  146  17:18  Thor  
  152  17:23  Marine x3  
  152  17:26  Marine  
  132  17:34  Marine x2  
  113  17:40  Marine  
  95  17:44  Marine x3  
  95  17:50  SCV x3  
  97  18:06  Viking x2  
  97  18:07  Marine x6  
  107  18:17  Thor  
  113  18:22  Refinery  
  113  18:25  Marine  
  113  18:26  Marine x3  
  113  18:27  Marine  
  117  18:32  Marauder  
  120  18:40  Viking x2  
  124  18:44  Marine x4  
  125  19:01  Thor  
  125  19:02  Marine x2, Thor  
  118  19:03  Marine  
  120  19:10  Marauder, Marine x2  
  116  19:19  Missile Turret  
  115  19:24  Missile Turret  
  112  19:35  Marine x3  
  91  19:59  Marine  
  64  20:13  Orbital Command  
Tags
 
Add a new tag
Caveats
  • Supply blocks, unpowered buildings, or Contaminate may cause inaccurate times.
  • Supply counts are checked every 10 seconds.